 Dungeon Crawl Stone Soup version 0.29.1-15-g9cfb28693d (webtiles) character file.

Game seed: 10978997867996455692

524 DearestLeader the Geomancer (level 7, -1/36 HPs)
             Began as a Gargoyle Earth Elementalist on Mar 27, 2023.
             Slain by an orc
             ... wielding a +0 trident
              (3 damage)
             ... on level 5 of the Dungeon.
             The game lasted 00:09:14 (4211 turns).

DearestLeader the Geomancer (GrEE)                  Turns: 4211, Time: 00:09:14

Health: -1/36      AC:  9    Str: 12    XL:     7   Next: 22%
Magic:  0/10       EV: 11    Int: 17    God:
Gold:   198        SH:  0    Dex: 10    Spells: 2/10 levels left

rFire   . . .      SeeInvis .   n - +0 whip
rCold   . . .      Faith    .   (no shield)
rNeg    + . .      Spirit   .   l - +0 leather armour
rPois   ∞          Reflect  .   (no helmet)
rElec   +          Harm     .   (no cloak)
rCorr   .          Rampage  .   (no gloves)
Will    .....                   d - +1 pair of boots
Stlth   ++........              (no amulet)
HPRegen 0.12/turn               (no ring)
MPRegen 0.12/turn               (no ring)

@: no status effects
A: sickness immunity, AC +4, negative energy resistance 1, electricity
resistance, torment resistance 1, petrification resistance
a: no special abilities


You were on level 5 of the Dungeon.
You visited 1 branch of the dungeon, and saw 5 of its levels.

You collected 198 gold pieces.

Inventory:

Hand Weapons
 n - a +0 whip (weapon)
Missiles
 g - a throwing net
 o - 6 javelins
Armour
 a - a +0 robe
 d - a +1 pair of boots (worn)
 l - a +0 leather armour (worn)
Jewellery
 x - a ring of flight
Wands
 u - a wand of flame (13)
Scrolls
 c - a scroll of summoning
 h - 2 scrolls of amnesia
 i - a scroll of enchant armour
 w - a scroll of teleportation {unknown}
 y - a scroll of torment
Potions
 b - 2 potions of magic
 e - a potion of mutation {unknown}
 f - 2 potions of invisibility {unknown}
 k - 3 potions of curing {unknown}
 p - 2 potions of attraction {unknown}
 s - a potion of heal wounds {unknown}
 v - a potion of degeneration {unknown}


   Skills:
 - Level 2.0 Dodging
 - Level 3.0 Stealth
 - Level 2.0 Spellcasting
 - Level 1.0 Transmutations
 * Level 9.2 Earth Magic


You had 2 spell levels left.
You knew the following spells:

 Your Spells              Type           Power      Damage    Failure   Level
a - Sandblast             Erth           66%        2d15      1%          1
b - Stone Arrow           Conj/Erth      34%        3d9       11%         3
c - Petrify               Tmut/Erth      19%        N/A       30%         4

Your spell library contained the following spells:

 Spells                   Type           Power      Damage    Failure   Level
 Passwall                 Tmut/Erth      15%        N/A       4%          2
 Blink                    Tloc           2%         N/A       36%         2
 Lee's Rapid Deconstruct  Erth           16%        3d11*     16%         5
 Leda's Liquefaction      Hex/Erth       8%         N/A       36%         4
 Manifold Assault         Tloc           1%         N/A       100%        5
 Storm Form               Tmut/Air       1%         N/A       100%        7
 Statue Form              Tmut/Erth      Unusable   N/A       N/A         6

Dungeon Overview and Level Annotations

Branches:
Dungeon (5/15)
 Temple: D:4-7

Altars:
Ashenzari
Trog

Shops:
D:1 (   D:4 *


Innate Abilities, Weirdness & Mutations

You are immune to sickness and miasma.
Your stone body is resilient. (AC +4)
You are immune to poison.
You resist negative energy. (rN+)
You are resistant to electric shocks. (rElec)
You are resistant to unholy torment.
You are immune to petrification.


Message History

Confirm with . or Enter, or press ? or * to list all spells.
Aiming: Sandblast (safe; 1% risk of failure)
Press: ? - help, Shift-Dir - straight line, f/p - orc
Aim: an orc, wielding a +0 trident and wearing a +0 chain mail (88% to hit)
The blast of sand hits the jackal!
You kill the jackal!
The orc closely misses you.
Unknown command.
The orc hits you but does no damage.
Items here: ) [ ††.
You closely miss the orc. The orc hits you with a +0 trident.
* * * LOW HITPOINT WARNING * * *
The orc hits you but does no damage.
You barely miss the orc. The orc barely misses you.
You closely miss the orc. The orc closely misses you.
You hit the orc but do no damage. The orc barely misses you.
Casting: Sandblast (safe; 1% risk of failure)
Confirm with . or Enter, or press ? or * to list all spells.
Aiming: Sandblast (safe; 1% risk of failure)
Press: ? - help, Shift-Dir - straight line, f/p - orc
Aim: an orc, wielding a +0 trident and wearing a +0 chain mail (88% to hit)
The blast of sand hits the orc.
The orc is heavily wounded.
The orc completely misses you.
Unknown command.
You hit the orc but do no damage.
The orc is heavily wounded.
The orc hits you but does no damage.
You barely miss the orc.
The orc is heavily wounded.
The orc shouts!
The orc misses you. The orc closely misses you.
You barely miss the orc.
The orc is heavily wounded.
The orc hits you with a +0 trident!
* * * LOW HITPOINT WARNING * * *
You hit the orc but do no damage.
The orc is heavily wounded.
The orc hits you with a +0 trident.
You die...

#........,,,,,,,*
#........,,,,,,,*
#.$......>,,,,,,*
#.....o.,,,,,,,,*##
*#.....#**,,,,,**#.
*####** **..S.###,,,,####.
*,....** **#..#≈#**###..).
*,**#o.#####..#≈####...##.
*,***#..)@o.<..~.##..#####
*,,,*######....~....####
***,,,,,#......~.......###
*****,#.###.#≈######...#
*...**#.#≈# ###..
*##.,.##.#≈# ###
*,..,....####### #
*..,*#..h..o...#
*,,,,..........######


You could see 2 orcs.

Vanquished Creatures
  Sigmund (D:2)
  A phantom (D:4)
  An orc priest (D:5)
  Jessica (D:2)
  An iguana (D:5)
  2 orc wizards
  8 adders
  An ufetubus (D:5)
  2 worms
  A dart slug (D:1)
  8 orcs
  2 endoplasms (D:1)
  5 giant cockroaches
  4 goblins
  4 hobgoblins
  6 jackals
  3 kobolds
  A quokka (D:4)
  8 ball pythons
  6 bats
  4 frilled lizards
  6 rats
76 creatures vanquished.

Notes
Turn   | Place    | Note
-------+----------+-------------------------------------------
     0 | D:1      | DearestLeader the Gargoyle Earth Elementalist began the
                  | quest for the Orb.
     0 | D:1      | Reached XP level 1. HP: 10/10 MP: 3/3
   369 | D:1      | Reached skill level 1 in Transmutations
   369 | D:1      | Reached XP level 2. HP: 6/15 MP: 3/5
   642 | D:1      | Reached skill level 4 in Earth Magic
   935 | D:1      | Found Panumana's Weapon Shoppe.
  1069 | D:1      | You fall into a shaft and drop 1 floor!
  1101 | D:2      | Found a faded altar of an unknown god.
  1108 | D:2      | Reached XP level 3. HP: 15/19 MP: 2/6
  1659 | D:2      | Found a broken altar of Ashenzari.
  1669 | D:2      | Reached skill level 5 in Earth Magic
  1669 | D:2      | Reached XP level 4. HP: 22/24 MP: 2/7
  1723 | D:2      | Noticed Sigmund
  1732 | D:2      | Killed Sigmund
  1733 | D:2      | Reached skill level 7 in Earth Magic
  1733 | D:2      | Reached XP level 5. HP: 28/28 MP: 2/8
  1819 | D:2      | Reached XP level 6. HP: 32/32 MP: 7/9
  2078 | D:2      | Noticed Jessica
  2081 | D:2      | Killed Jessica
  2267 | D:2      | Learned a level 3 spell: Stone Arrow
  2372 | D:3      | Found a bloodstained altar of Trog.
  2547 | D:3      | Learned a level 4 spell: Petrify
  3221 | D:4      | Reached skill level 8 in Earth Magic
  3387 | D:4      | Found a broken altar of Ashenzari.
  3773 | D:4      | Found Poiwk's Neck Hole.
  4089 | D:5      | Entered Level 5 of the Dungeon
  4161 | D:5      | Reached XP level 7. HP: 36/36 MP: 6/10
  4167 | D:5      | Reached skill level 9 in Earth Magic
  4211 | D:5      | Slain by an orc

Illustrated notes

Levels and vault maps discovered:
D:1:      nzn_arrival_settlement, layout_loops_corners, serial_shops, shop,
          nicolae_hexahallways, minmay_pentomino_w4
D:2:      layout_loops_ring, basic_altar,
          hellmonk_ecumenical_altar_pennies_from_heaven, minmay_crystal_water,
          uniq_sigmund, uniq_jessica
D:3:      kennysheep_big_flooded_room, layout_loops_ring, bloody_trog,
          minmay_misc_feat_four_crosses
D:4:      layout_loops_ring, general_overflow_altar,
          nicolae_shop_sticking_my_neck_out
D:5:      layout_rooms, nicolae_ossuary_entry_catacombs,
          chequers_serial_rivers_micro_a

Skill      XL: |  1  2  3  4  5  6  7 |
---------------+----------------------+-----
Transmutations | 1 |  1.0
Earth Magic    | 4 5 7 8 9 |  9.2
Dodging        | 2 |  2.0
Stealth        | 3 |  3.0
Spellcasting   | |  2.0

Action                   |  1- 3 |  4- 6 |  7- 9 || total
-------------------------+-------+-------+-------++-------
Melee: Dagger            |    26 |       |       ||    26
       Whip              |    16 |    21 |    19 ||    56
       Punch             |     2 |       |       ||     2
 Cast: Sandblast         |    25 |    50 |    13 ||    88
  Use: Scroll            |       |     8 |       ||     8
 Stab: Sleeping          |     3 |     1 |       ||     4
Armor: Leather armour    |    15 |    33 |    18 ||    66
       Robe              |     4 |       |       ||     4
Dodge: Dodged            |    38 |    32 |    27 ||    97
